 Dungeon Crawl Stone Soup version 0.14-a0-155-gd989017 (webtiles) character file.

98 4tharraofdagon the Firebug (level 2, 1/19 HPs)
             Began as a Demonspawn Fire Elementalist on Oct 4, 2013.
             Quit the game on Level 3 of the Dungeon.
             The game lasted 00:02:53 (443 turns).

4tharraofdagon the Firebug (DsFE)                    Turns: 443, Time: 00:02:54

HP   1/19        AC  4     Str  8      XL: 2   Next: 55%
MP   4/4         EV 12     Int 16      God:
Gold 79          SH  0     Dex 13      Spells:  1 memorised,  2 levels left

Res.Fire  : . . .   See Invis. : .   (no weapon)
Res.Cold  : . . .   Warding    : .   a - +0 robe
Life Prot.: . . .   Conserve   : .   (no shield)
Res.Poison: .       Res.Corr.  : .   (no helmet)
Res.Elec. : .       Clarity    : .   (no cloak)
Sust.Abil.: . .     Spirit.Shd : .   (no gloves)
Res.Mut.  : .       Stasis     : .   (no boots)
Res.Rott. : .       Flight     : .   (no amulet)
Saprovore : . . .                    (no ring)
                                     (no ring)

@: mildly poisoned, not resistant to hostile enchantments, fairly stealthy
A: AC +2
a: no special abilities


You were on level 3 of the Dungeon.
You were not hungry.

You visited 1 branch of the dungeon, and saw 4 of its levels.

You collected 59 gold pieces.

Inventory:

Missiles
 e - 8 javelins (quivered)
Armour
 a - a +0 robe (worn)
 f - a +0 elven scale mail
Comestibles
 c - 2 bread rations
 i - a pear
Scrolls
 d - a scroll of remove curse {unknown}
 h - a scroll of enchant weapon II {unknown}
 j - a scroll of teleportation {unknown}
Books
 b - a book of Flames

   Spells                             Type                      Level
   *Flame Tongue                      Conjuration/Fire             1
   Throw Flame                        Conjuration/Fire             2
   Conjure Flame                      Conjuration/Fire             3
   Inner Flame                        Hexes/Fire                   3
   Sticky Flame                       Conjuration/Fire             4
   Fireball                           Conjuration/Fire             5


   Skills:
 - Level 1.7 Dodging
 - Level 1.7 Stealth
 + Level 1.2 Spellcasting
 * Level 1.7 Conjurations
 * Level 3.1 Fire Magic


You had 2 spell levels left.
You knew the following spells:

 Your Spells              Type           Power        Failure   Level  Hunger
a - Flame Tongue          Conj/Fire      #....        10%         1    ##.....


Dungeon Overview and Level Annotations

Branches:
Dungeon (4/27)
 Temple: D:4-7

Altars:
Elyvilon
Kikubaaqudgha

Annotations:
D:2 Sigmund


Innate Abilities, Weirdness & Mutations

You are partially covered in yellow scales (AC +2).


Message History

You feel sick.
The kobold throws a dart.
The dart misses you.
You feel sick.
The kobold throws a dart.
The dart misses you.
You see here a dart.
* * * LOW HITPOINT WARNING * * *
You feel sick.
* * * LOW HITPOINT WARNING * * *
You feel sick.
The orc shouts!
* * * LOW HITPOINT WARNING * * *
You feel sick.
* * * LOW HITPOINT WARNING * * *
You feel sick.
The orc shouts!
Drink which item? (? for menu, Esc to quit)
It has a very clean taste.
It was a potion of cure mutation.
* * * LOW HITPOINT WARNING * * *
You feel sick.
Unknown command.
Are you sure you want to abandon this character and quit the game? (Confirm with "yes".)

#....##...(..#..##
###.#####......#..#.
#...K.(..K.....#..#.
#.#.#.####.....#....
#.#o#.##.......#....
#.#.#.##.###..o..##.
#..o..##K#####(#.##.
###.####.##.........
##@# #.##o##.#.###
#...###.......#.#
#.....$K...#.##.#
#...###(........#
..### #....#.#..#
##. #.(##....l# #.
#.K#...#.# #.
#.<..?.#. .
##.......#


You could see 2 orcs and a kobold.

Vanquished Creatures
  An adder (D:2)
  A giant gecko (D:2)
  2 giant cockroaches
  A goblin (D:3)
  A hobgoblin (D:3)
  A bat (D:1)
  A giant newt (D:1)
  A kobold (D:3)
  2 rats
11 creatures vanquished.

Notes
Turn   | Place    | Note
--------------------------------------------------------------
     0 | D:1      | 4tharraofdagon, the Demonspawn Fire Elementalist, began the quest for the Orb.
     0 | D:1      | Reached XP level 1. HP: 13/13 MP: 3/3
   257 | D:2      | Found an ancient bone altar of Kikubaaqudgha.
   307 | D:4      | Noticed an orc wizard
   307 | D:4      | Noticed an orc wizard
   307 | D:4      | Noticed an orc priest
   307 | D:4      | Noticed a hound
   366 | D:2      | Gained mutation: You are partially covered in yellow scales (AC +2). [demonic ancestry]
   366 | D:2      | Reached XP level 2. HP: 7/19 MP: 0/4
   378 | D:2      | Found a white marble altar of Elyvilon.
   381 | D:2      | Reached skill level 3 in Fire Magic
   411 | D:2      | Noticed Sigmund
   421 | D:3      | Noticed an orc wizard
   443 | D:3      | Quit the game

Action                   || total
-------------------------++-------
Melee: Unarmed           ||    13
 Cast: Flame Tongue      ||    14
  Use: Potion            ||     1
